details: 'rod control hacks me'

« prev index next »

General information

Mini Map

Players

team 1
Random» OrcDels101 (orange | 67 APM | 3252 actions | 48:50)
Hero icon 5 Blademaster
Ability icon 2 Wind Walk
Ability icon 3 Critical Strike
Hero icon 5 Archmage
Ability icon 3 Summon Water Elemental
Ability icon 2 Brilliance Aura
Hero icon 4 Paladin
Ability icon 3 Holy Light
Ability icon 1 Divine Shield
Hero icon 4 Shadow Hunter
Ability icon 2 Hex
Ability icon 2 Healing Wave

» actions
Assign group hotkey84
Basic commands388
Build / train215
Enter build submenu53
Enter hero's abilities submenu18
Give item / drop item2
Right click948
Select / deselect722
Select group hotkey623
Use ability199
3252 total
» units
Peon18
Peasant11
Grunt4
Footman7
Wind Rider10
Priest9
Spell Breaker6
Knight9
Sorceress4
Troll Batrider14
Shaman3
Flying Machine25
Siege Engine10
130 total
» upgrades
Lumber Harvesting2
Priest Training2
Sorceress Training2
Swords3
Envenomed Spears1
Plating3
Animal War Training1
Reinforced Defenses1
Ranged Weapons3
Shaman Training2
Masonry3
Liquid Fire1
Armor1
Flak Cannons1
Gunpowder2
Barrage1
29 total
» buildings
Altar of Storms1
Orc Burrow8
Barracks2
Farm12
Scout Tower21
Arcane Vault1
Voodoo Lounge1
Arcane Tower6
Keep1
Stronghold1
Lumber Mill2
War Mill2
Guard Tower8
Watch Tower5
Great Hall1
Town Hall2
Beastiary2
Castle1
Arcane Sanctum2
Blacksmith1
Fortress1
Spirit Lodge1
Workshop3
85 total
» build order
00:07 Altar of Storms
00:11 Orc Burrow
00:36 Barracks
00:48 Barracks
00:56 Farm
01:38 Orc Burrow
01:48 Scout Tower
02:05 Arcane Vault
02:16 Voodoo Lounge
02:27 Farm
02:31 Arcane Tower
02:32 Arcane Tower
02:32 Arcane Tower
02:32 Arcane Tower
03:30 Keep
03:39 Stronghold
03:54 Farm
04:05 Orc Burrow
04:34 Lumber Mill
05:00 War Mill
05:09 Scout Tower
05:57 Guard Tower
05:58 Guard Tower
06:40 Watch Tower
06:41 Watch Tower
06:43 Great Hall
06:47 Town Hall
06:49 Scout Tower
06:50 Scout Tower
07:04 Beastiary
07:10 Beastiary
07:17 Castle
07:19 Arcane Sanctum
07:51 Watch Tower
07:52 Watch Tower
08:02 Blacksmith
08:25 Arcane Sanctum
08:33 Arcane Tower
08:34 Guard Tower
08:35 Guard Tower
08:39 Fortress
08:45 Orc Burrow
11:43 Farm
12:07 Orc Burrow
13:23 Farm
13:24 Farm
14:20 Orc Burrow
14:55 Spirit Lodge
15:39 Farm
15:40 Farm
15:45 Lumber Mill
16:53 War Mill
17:23 Farm
17:24 Farm
17:27 Scout Tower
17:27 Scout Tower
17:28 Scout Tower
17:28 Scout Tower
17:29 Scout Tower
18:16 Guard Tower
19:23 Orc Burrow
19:26 Guard Tower
19:31 Farm
19:33 Farm
20:11 Orc Burrow
20:36 Watch Tower
21:41 Scout Tower
21:42 Scout Tower
21:42 Scout Tower
21:45 Scout Tower
21:45 Scout Tower
21:46 Scout Tower
21:46 Scout Tower
21:48 Scout Tower
21:48 Scout Tower
21:49 Scout Tower
21:49 Scout Tower
21:49 Scout Tower
22:19 Guard Tower
24:10 Workshop
24:15 Workshop
25:12 Workshop
25:50 Guard Tower
36:10 Town Hall
» items
Healing Salve2
Scroll of Regeneration3
Lesser Clarity Potion1
Boots of Speed1
Scroll of Town Portal3
Orb of Lightning1
Potion of Healing1
12 total
Random» HumanWorldstar (blue | 43 APM | 1994 actions | 45:52)
Hero icon 5 Archmage
Ability icon 3 Blizzard
Ability icon 2 Brilliance Aura
Hero icon 4 Blood Mage
Ability icon 2 Flame Strike
Ability icon 2 Siphon Mana
Hero icon 1 Paladin
Ability icon 1 Divine Shield

» actions
Assign group hotkey27
Basic commands46
Build / train63
Enter build submenu16
Enter hero's abilities submenu10
Give item / drop item4
Right click983
Select / deselect375
Select group hotkey394
Use ability75
1994 total
» units
Peasant12
Rifleman15
Mortar Team8
Sorceress4
39 total
» upgrades
Gunpowder2
Lumber Harvesting1
Long Rifles1
4 total
» buildings
Altar of Kings1
Farm9
Scout Tower1
Barracks1
Blacksmith1
Arcane Tower1
Arcane Vault1
Lumber Mill1
Keep1
Arcane Sanctum1
Workshop1
19 total
» build order
00:17 Altar of Kings
00:23 Farm
01:03 Scout Tower
01:31 Barracks
01:36 Blacksmith
01:41 Farm
02:10 Arcane Tower
02:24 Arcane Vault
02:29 Lumber Mill
02:38 Farm
03:43 Farm
04:19 Keep
04:44 Farm
05:45 Farm
07:02 Arcane Sanctum
07:05 Workshop
07:28 Farm
07:28 Farm
12:12 Farm
» items
Scroll of Regeneration1
Scroll of Town Portal4
Potion of Healing1
6 total
HumanLionHeart (teal | 55 APM | 2706 actions | 48:50)
Hero icon 7 Archmage
Ability icon 3 Summon Water Elemental
Ability icon 3 Brilliance Aura
Ability icon 1 Mass Teleport

» actions
Assign group hotkey37
Basic commands179
Build / train103
Enter build submenu69
Enter hero's abilities submenu7
Give item / drop item5
Remove unit from queue2
Right click1396
Select / deselect512
Select group hotkey176
Use ability219
2706 total
» units
Peasant25
Footman4
Goblin Shredder4
Gryphon Rider11
Goblin Sapper7
51 total
» upgrades
Masonry3
Storm Hammers1
Armor3
Swords3
Animal War Training1
Cloud1
12 total
» buildings
Altar of Kings1
Barracks1
Farm10
Scout Tower61
Arcane Tower1
Lumber Mill1
Town Hall3
Guard Tower9
Keep2
Arcane Vault2
Castle1
Gryphon Aviary4
Blacksmith2
98 total
» build order
00:37 Altar of Kings
00:40 Barracks
00:50 Farm
00:51 Farm
01:05 Farm
01:34 Farm
02:02 Scout Tower
02:35 Arcane Tower
03:18 Lumber Mill
04:18 Town Hall
04:20 Scout Tower
04:21 Scout Tower
04:21 Scout Tower
04:22 Scout Tower
05:14 Guard Tower
05:50 Keep
05:51 Keep
06:11 Scout Tower
06:12 Scout Tower
06:12 Scout Tower
06:13 Scout Tower
06:33 Arcane Vault
06:54 Guard Tower
07:00 Scout Tower
07:00 Scout Tower
08:01 Guard Tower
08:06 Scout Tower
08:07 Scout Tower
08:08 Scout Tower
08:08 Scout Tower
08:09 Scout Tower
08:10 Scout Tower
08:12 Scout Tower
08:16 Castle
11:13 Guard Tower
11:25 Scout Tower
11:26 Scout Tower
11:27 Scout Tower
11:27 Scout Tower
11:29 Scout Tower
11:30 Scout Tower
11:31 Scout Tower
11:32 Scout Tower
11:39 Gryphon Aviary
11:40 Gryphon Aviary
11:43 Blacksmith
11:48 Blacksmith
12:14 Gryphon Aviary
12:19 Gryphon Aviary
12:26 Farm
12:30 Scout Tower
13:27 Guard Tower
13:53 Guard Tower
16:19 Scout Tower
16:19 Scout Tower
16:21 Scout Tower
16:21 Scout Tower
16:29 Scout Tower
16:29 Scout Tower
16:32 Scout Tower
16:33 Scout Tower
16:34 Scout Tower
16:35 Scout Tower
16:58 Guard Tower
18:08 Guard Tower
18:25 Town Hall
18:28 Scout Tower
18:29 Scout Tower
18:29 Scout Tower
18:30 Scout Tower
18:31 Scout Tower
18:32 Scout Tower
18:32 Scout Tower
18:33 Scout Tower
18:37 Scout Tower
18:37 Scout Tower
18:38 Scout Tower
18:40 Scout Tower
19:08 Arcane Vault
19:36 Guard Tower
21:00 Guard Tower
21:45 Scout Tower
21:46 Scout Tower
21:47 Scout Tower
21:48 Scout Tower
21:50 Scout Tower
21:51 Scout Tower
21:52 Scout Tower
21:53 Scout Tower
21:55 Scout Tower
21:56 Scout Tower
21:57 Scout Tower
21:58 Scout Tower
22:12 Farm
22:14 Farm
22:17 Farm
22:19 Farm
22:22 Farm
26:27 Guard Tower
33:27 Town Hall
» items
Scroll of Regeneration6
Mechanical Critter2
Scroll of Town Portal1
Potion of Healing3
Periapt of Vitality2
Staff of Teleportation1
Potion of Lesser Invulnerability2
17 total
Random» HumanITKMORONS (yellow | 36 APM | 18 actions | 00:29)

» actions
Build / train2
Enter build submenu2
Right click3
Select / deselect9
Use ability2
18 total
» units
Peasant2
2 total
» buildings
Altar of Kings1
Farm1
2 total
» build order
00:17 Altar of Kings
00:22 Farm
team 2
Humantonyportabello (red | 85 APM | 1284 actions | 15:11)
Hero icon 3 Archmage
Ability icon 2 Summon Water Elemental
Ability icon 1 Brilliance Aura
Hero icon 2 Mountain King
Ability icon 1 Storm Bolt
Ability icon 1 Bash
Hero icon 1 Paladin
Ability icon 1 Holy Light

» actions
Assign group hotkey25
Build / train58
Enter build submenu29
Enter hero's abilities submenu6
Right click552
Select / deselect240
Select group hotkey317
Use ability56
1284 total
» units
Peasant18
Rifleman8
Goblin Shredder3
29 total
» upgrades
Armor3
Gunpowder3
Long Rifles1
7 total
» buildings
Altar of Kings1
Farm10
Blacksmith1
Barracks1
Keep1
Arcane Vault1
Lumber Mill2
Castle1
Scout Tower10
Town Hall1
Guard Tower7
36 total
» build order
00:06 Altar of Kings
00:10 Farm
01:04 Blacksmith
01:12 Barracks
01:35 Farm
02:18 Farm
03:01 Farm
03:43 Farm
04:13 Keep
04:25 Farm
05:21 Farm
05:23 Arcane Vault
06:20 Lumber Mill
06:34 Farm
07:57 Farm
07:59 Castle
08:23 Scout Tower
09:06 Farm
09:16 Town Hall
09:32 Scout Tower
09:32 Guard Tower
11:28 Scout Tower
11:29 Guard Tower
11:33 Scout Tower
12:17 Scout Tower
12:18 Scout Tower
12:20 Guard Tower
12:39 Guard Tower
14:14 Scout Tower
14:21 Scout Tower
14:22 Guard Tower
14:54 Scout Tower
14:56 Guard Tower
14:58 Guard Tower
15:01 Lumber Mill
15:04 Scout Tower
» items
Scroll of Regeneration2
Scroll of Town Portal2
4 total
Random» NightElfHellaStrong (pink | 99 APM | 2555 actions | 25:41)
Hero icon 5 Keeper of the Grove
Ability icon 2 Entangling Roots
Ability icon 3 Thorns Aura
Hero icon 4 Priestess of the Moon
Ability icon 2 Trueshot Aura
Ability icon 2 Searing Arrows
Hero icon 1 Paladin
Ability icon 1 Devotion Aura

» actions
Assign group hotkey50
Basic commands12
Build / train97
ESC pressed1
Enter build submenu26
Enter hero's abilities submenu11
Give item / drop item7
Remove unit from queue1
Right click634
Select / deselect480
Select group hotkey1173
Use ability63
2555 total
» units
Wisp26
Huntress4
Hippogryph15
Dryad4
Chimaera4
Knight5
58 total
» upgrades
Ultravision1
Strength of the Wild2
Reinforced Hides2
Abolish Magic1
Well Spring1
Corrosive Breath1
Animal War Training1
9 total
» buildings
Altar of Elders1
Moon Well7
Hunter's Hall1
Ancient of War1
Ancient Protector2
Ancient of Wonders1
Tree of Ages1
Tree of Life1
Tree of Eternity1
Ancient of Wind1
Ancient of Lore1
Chimaera Roost2
Farm3
23 total
» build order
00:21 Altar of Elders
00:23 Moon Well
01:22 Hunter's Hall
01:45 Ancient of War
01:59 Moon Well
02:27 Ancient Protector
02:31 Ancient of Wonders
02:57 Moon Well
05:08 Tree of Ages
05:16 Moon Well
06:25 Ancient Protector
06:28 Tree of Life
08:08 Tree of Eternity
08:09 Ancient of Wind
08:15 Ancient of Lore
11:24 Chimaera Roost
11:48 Chimaera Roost
12:26 Moon Well
16:00 Moon Well
16:34 Moon Well
18:35 Farm
19:35 Farm
20:15 Farm
» items
Lesser Clarity Potion2
Moonstone1
Scroll of Regeneration2
Boots of Speed1
Circlet of Nobility2
Scroll of Town Portal3
Orb of Venom1
Anti-magic Potion2
Potion of Healing1
15 total
Humanfjew (green | 72 APM | 1250 actions | 17:19)
Hero icon 4 Paladin
Ability icon 2 Holy Light
Ability icon 2 Devotion Aura

» actions
Assign group hotkey87
Build / train52
Enter build submenu15
Enter hero's abilities submenu4
Give item / drop item1
Right click555
Select / deselect246
Select group hotkey229
Use ability61
1250 total
» units
Peasant6
Footman13
Knight1
20 total
» upgrades
Defend1
Plating3
Swords3
7 total
» buildings
Barracks2
Altar of Kings1
Farm5
Keep1
Blacksmith1
Arcane Vault1
Lumber Mill1
Castle1
13 total
» build order
00:52 Barracks
01:07 Barracks
01:21 Altar of Kings
01:41 Farm
02:25 Keep
02:32 Farm
02:37 Farm
03:05 Blacksmith
03:19 Farm
03:27 Arcane Vault
04:07 Lumber Mill
06:01 Castle
07:41 Farm
» items
Scroll of Regeneration2
Lesser Clarity Potion2
Scroll of Healing2
Scroll of Protection2
8 total
HumanaWoOoOga (purple | 66 APM | 3238 actions | 48:50)
Hero icon 10 Mountain King
Ability icon 3 Storm Bolt
Ability icon 3 Bash
Ability icon 1 Avatar
Ability icon 3 Thunder Clap

» actions
Assign group hotkey57
Basic commands82
Build / train191
ESC pressed2
Enter build submenu54
Enter hero's abilities submenu11
Give item / drop item16
Remove unit from queue1
Right click1526
Select / deselect334
Select group hotkey734
Use ability230
3238 total
» units
Peasant20
Footman7
Goblin Shredder2
Dragonhawk Rider3
Gryphon Rider12
44 total
» upgrades
Masonry4
Swords3
Armor3
Defend1
Animal War Training1
Lumber Harvesting1
Cloud1
Storm Hammers1
15 total
» buildings
Farm9
Altar of Kings2
Barracks1
Arcane Vault3
Scout Tower30
Lumber Mill1
Town Hall3
Guard Tower54
Keep4
Blacksmith1
Castle4
Gryphon Aviary2
114 total
» build order
00:50 Farm
00:54 Altar of Kings
00:55 Barracks
00:58 Altar of Kings
01:05 Farm
01:38 Farm
02:26 Arcane Vault
02:28 Arcane Vault
02:33 Farm
02:36 Scout Tower
02:43 Lumber Mill
04:21 Town Hall
04:25 Scout Tower
04:26 Scout Tower
04:27 Scout Tower
04:29 Scout Tower
05:08 Guard Tower
06:14 Keep
06:14 Keep
06:14 Keep
07:07 Guard Tower
07:07 Guard Tower
07:07 Guard Tower
07:08 Blacksmith
07:20 Scout Tower
07:32 Scout Tower
07:33 Scout Tower
08:06 Scout Tower
08:08 Scout Tower
08:08 Scout Tower
08:10 Scout Tower
08:12 Scout Tower
09:02 Castle
09:03 Castle
09:03 Castle
09:05 Guard Tower
09:05 Guard Tower
09:05 Guard Tower
09:05 Guard Tower
09:07 Guard Tower
09:07 Guard Tower
09:10 Guard Tower
09:10 Guard Tower
09:10 Guard Tower
09:11 Guard Tower
10:08 Gryphon Aviary
10:14 Gryphon Aviary
11:37 Guard Tower
11:37 Guard Tower
11:48 Scout Tower
11:56 Scout Tower
12:30 Farm
13:26 Guard Tower
13:26 Guard Tower
13:43 Farm
15:25 Guard Tower
15:25 Guard Tower
16:36 Farm
19:08 Scout Tower
19:08 Scout Tower
19:09 Scout Tower
19:13 Scout Tower
19:14 Scout Tower
19:14 Scout Tower
19:18 Scout Tower
19:35 Farm
19:38 Guard Tower
19:38 Guard Tower
19:39 Guard Tower
19:39 Guard Tower
19:39 Guard Tower
19:46 Guard Tower
19:46 Guard Tower
19:46 Guard Tower
20:16 Guard Tower
20:17 Guard Tower
20:17 Guard Tower
20:22 Farm
20:26 Scout Tower
20:27 Scout Tower
21:07 Guard Tower
21:07 Guard Tower
21:07 Guard Tower
21:08 Scout Tower
21:13 Scout Tower
21:23 Scout Tower
21:46 Scout Tower
21:49 Scout Tower
21:50 Scout Tower
22:03 Guard Tower
22:04 Guard Tower
22:52 Guard Tower
22:53 Guard Tower
24:28 Arcane Vault
40:47 Town Hall
40:58 Town Hall
» items
Scroll of Regeneration10
Mechanical Critter4
Boots of Speed1
Periapt of Vitality1
Dust of Appearance1
Lesser Clarity Potion3
Scroll of Town Portal4
Staff of Sanctuary1
Scroll of Healing1
Scroll of Protection1
Potion of Mana3
Potion of Healing3
33 total

Chat log

(00:10 / Allies) ITKMORONS: blue did i just playw ith u
(00:22 / All) LionHeart: WORLD STAR
(00:32 / All) LionHeart: *PUNCHES BLACK BITCH IN HER MOUF*
(00:37 / All) tonyportabello: lolol

(07:47 / All) LionHeart: this creep ai is special

(10:02 / Allies) LionHeart: help
(10:40 / All) aWoOoOga: idiot green lose all his units
(10:42 / All) aWoOoOga: hitting wrong base
(11:25 / All) aWoOoOga: asshole mortar took my xp
(11:42 / Allies) Worldstar: gold plz

(12:45 / All) LionHeart: WORLD STAR

(14:26 / All) LionHeart: green is a fucking jew
(14:35 / All) fjew: :D
(14:38 / All) aWoOoOga: takes advantage of my hangover
(14:40 / All) aWoOoOga: and takes all teh creeps
(15:17 / All) aWoOoOga: Green went "afk"
(15:21 / All) aWoOoOga: He's in for a surprise when he's back
(15:28 / All) Worldstar: stop masing towers
(15:30 / All) Worldstar: noob
(15:43 / All) aWoOoOga: lol
(16:03 / All) aWoOoOga: Time for you to die, blue
(16:21 / All) Worldstar: deeezzz nuts
(16:32 / All) aWoOoOga: TIME FOR YOU TO DIE!
(16:50 / All) LionHeart: green what your prob with me is dawg
(17:02 / All) aWoOoOga: DEEZ NUTS
(17:19 / All) aWoOoOga: DEEZ NUTS
(17:39 / All) Worldstar: can someone explain purp the concept of 4s is to win as a team.
(17:51 / All) aWoOoOga: explain deez nuts
(17:58 / All) aWoOoOga: Suck my dick
(18:04 / All) aWoOoOga: attack me and this is what you get little bitche
(19:01 / All) aWoOoOga: lol
(19:31 / Allies) Worldstar: gold me?

(20:41 / Allies) Worldstar: teaL
(20:44 / Allies) Worldstar: make untis
(20:49 / Allies) LionHeart: no wood
(21:02 / Allies) Worldstar: make them
(21:18 / All) Worldstar: lol purple
(21:24 / All) aWoOoOga: out
(22:13 / Allies) Worldstar: farms and units
(22:14 / Allies) Worldstar: cmon
(22:50 / Allies) Dels101: dont otuch yellow
(23:09 / All) aWoOoOga: lol blue
(23:17 / All) aWoOoOga: lol orange
(23:20 / All) aWoOoOga: lol yellow
(23:53 / All) aWoOoOga: lol
(23:55 / All) aWoOoOga: hahaha
(24:01 / All) aWoOoOga: hehehehe
(24:12 / All) aWoOoOga: hahaha!
(24:19 / Allies) Dels101: dont touch ytellow
(24:20 / Allies) Dels101: fuck off
(24:24 / Allies) Dels101: ive had him all game
(24:30 / Allies) Worldstar: teal
(24:33 / Allies) Worldstar: not doing anyttrhing
(25:00 / Allies) Worldstar: mass air
(25:00 / All) aWoOoOga: hehehe
(25:02 / All) aWoOoOga: deez nuts
(25:11 / All) aWoOoOga: You having as much fun as I am blue?
(25:24 / All) Worldstar: lol yeah
(25:42 / All) aWoOoOga: haha good blue
(25:48 / All) aWoOoOga: since you lose now, haha
(25:49 / All) aWoOoOga: hehehe!
(25:54 / All) aWoOoOga: Pink left, you lose, LOL
(26:08 / All) aWoOoOga: second pendant
(26:11 / All) aWoOoOga: and not much to use it on
(26:52 / Allies) Worldstar: gold and wood for hero plz
(27:04 / Allies) Worldstar: teal?
(27:31 / All) Worldstar: lol run!
(27:37 / All) aWoOoOga: Was trying to bait the bm
(27:39 / All) aWoOoOga: haha
(27:41 / All) aWoOoOga: hehehe
(27:57 / Allies) Worldstar: teal
(27:59 / Allies) Worldstar: make units
(28:06 / Allies) Dels101: where the gyrpos go?
(28:14 / Allies) Worldstar: he aint making uits tho
(28:21 / Allies) LionHeart: i have full contro lgroup
(28:27 / Allies) Worldstar: make more
(28:32 / Allies) Worldstar: and give me gold and wood
(28:33 / Allies) LionHeart: why
(28:35 / Allies) Worldstar: for hero
(29:18 / Allies) Worldstar: 200 more
(29:32 / Allies) Worldstar: ty
(29:36 / Allies) Dels101: please stpo
(29:40 / Allies) Dels101: or blue take yellow
(30:11 / All) Worldstar: LOL
(30:11 / All) aWoOoOga: Got your tower
(30:12 / All) aWoOoOga: nigga
(30:24 / All) aWoOoOga: I have 10k gold
(30:27 / All) aWoOoOga: To rebuy him lol
(30:56 / Allies) Dels101: come teal
(31:34 / All) aWoOoOga: free gyros!!!!
(31:42 / All) aWoOoOga: hehehe
(31:43 / Allies) Dels101: STOP
(31:45 / Allies) Dels101: fuck you
(31:49 / Allies) Dels101: cmon
(31:53 / All) Dels101: Retards
(31:55 / All) Dels101: both of them
(32:24 / All) aWoOoOga: hahaha'
(32:41 / Allies) Dels101: wtf
(32:48 / Allies) Worldstar: fucking teal
(33:03 / Allies) Worldstar: hero
(33:03 / Allies) Worldstar: base
(33:09 / All) LionHeart: blue keeps using yellow
(33:19 / All) Worldstar: u wish fag
(33:23 / All) Worldstar: We know its u
(33:27 / All) aWoOoOga: lol
(33:30 / Allies) LionHeart: wtf is your prob blue
(33:32 / All) aWoOoOga: What's me?
(33:38 / Allies) Dels101: teal
(33:43 / Allies) Dels101: are you controlling yellow?
(33:45 / All) Worldstar: yes
(33:47 / Allies) LionHeart: I think it's blue
(33:49 / Allies) Worldstar: its him
(33:55 / Allies) Worldstar: he aint controlling his units
(34:02 / Allies) LionHeart: yeah I am
(34:04 / Allies) Worldstar: fiucking around with 8k
(34:06 / Allies) Dels101: can you stop
(34:06 / Allies) Worldstar: cant even give u some
(34:09 / Allies) Worldstar: to make usnits
(34:15 / Allies) Dels101: let me have
(34:17 / Allies) Dels101: like i have all game
(34:28 / Allies) LionHeart: stop being a fag blue
(34:32 / Allies) LionHeart: game ain't won yet
(34:41 / All) aWoOoOga: lol
(34:45 / All) aWoOoOga: haha
(34:47 / All) aWoOoOga: juked!!!
(35:02 / Allies) Dels101: 300 gold teal?
(35:43 / Allies) Dels101: thank you
(35:49 / Allies) Worldstar: he only gave 200
(35:49 / Allies) Worldstar: lol
(35:54 / Allies) Worldstar: at 9.2k
(36:02 / Allies) LionHeart: I gave 300
(36:04 / Allies) LionHeart: I'm not cheap
(36:10 / Allies) Worldstar: fag
(36:16 / Allies) LionHeart: looks who is talking
(36:38 / Allies) Worldstar: give goldf
(36:40 / Allies) Worldstar: to yellow
(36:43 / Allies) Worldstar: to make more
(37:09 / All) aWoOoOga: hahaha
(37:22 / Allies) Dels101: cmon
(37:29 / Allies) Worldstar: i swear it aint me
(37:36 / Allies) LionHeart: it's not me
(37:37 / Allies) Dels101: teal?
(37:47 / Allies) Worldstar: teal wtf
(38:24 / All) Dels101: cant win so you cheat?
(38:34 / All) aWoOoOga: hehehe
(38:37 / All) aWoOoOga: I'm on a 0-0 account
(38:42 / All) aWoOoOga: not exactly looking for wins hahaha
(39:00 / All) Dels101: cheating is sweet
(39:08 / All) aWoOoOga: hahaha no cheats all legit nigga
(39:22 / All) Dels101: yes controlling tanks isnt cheating
(39:33 / Allies) Worldstar: is teal dude
(39:57 / All) aWoOoOga: hahaha

(41:44 / All) LionHeart: I thought you mh'd but if you control hack too you're a huge scumbag
(42:00 / All) LionHeart: seriously people like you ruin the game and peoples records
(42:03 / All) aWoOoOga: I have laghack too
(42:05 / All) aWoOoOga: want to see that?
(42:09 / All) LionHeart: no
(42:13 / All) LionHeart: play legit
(42:15 / All) LionHeart: c'mon
(42:16 / All) LionHeart: be noble
(42:27 / Allies) Worldstar: teal
(42:29 / Allies) Worldstar: feed tellow
(42:34 / Allies) Worldstar: for more tanks
(42:42 / Allies) LionHeart: did he have control hack or were you using them?
(43:18 / All) LionHeart: I've saving replay nad reporting to blizzard so be noble or lose your cdkey
(43:40 / All) aWoOoOga: I report your whole team to blizzard
(43:43 / All) aWoOoOga: for being FAGGOTS
(43:47 / All) aWoOoOga: I shit down blue and orange's throats
(44:31 / All) aWoOoOga: lol
(44:37 / All) LionHeart: wtf mamn
(44:37 / All) aWoOoOga: idiot doesn't learn
(44:46 / All) LionHeart: WTF
(44:52 / All) aWoOoOga: now watch yellow
(45:07 / All) aWoOoOga: hahaha
(45:08 / All) LionHeart: this is fucking stupid
(45:11 / All) aWoOoOga: I have ULTIMATE POWER
(45:18 / All) aWoOoOga: BLUE
(45:22 / All) aWoOoOga: ARE YOU STILL HAVING AS MUCH FUN AS I AM HAHA
(45:54 / All) LionHeart: we earned this victory you loser piece of shit
(46:14 / All) LionHeart: whats your problem
(46:55 / All) LionHeart: it's like you dont want to ever play again.... when blizzard bans you
(47:19 / All) aWoOoOga: hahaha
(47:22 / All) aWoOoOga: I never get banned son
(47:25 / All) aWoOoOga: if I wanted to
(47:35 / All) aWoOoOga: I could use a hack to get your CD key automatically banned
(47:41 / All) aWoOoOga: want to see it, bitch?
(48:40 / All) aWoOoOga: you bore me
(48:47 / All) aWoOoOga: GET OUT OF MY GAME FAGGOT